 Dungeon Crawl Stone Soup version 0.24.1 (webtiles) character file.

Game seed: 8589100257792075199, levelgen mode: deterministic

737 Peloso the Slasher (level 7, 0/60 HPs)
             Began as a Minotaur Fighter on Mar 25, 2020.
             Slain by a troll (7 damage)
             ... on level 5 of the Dungeon.
             The game lasted 00:06:11 (2907 turns).

Peloso the Slasher (Minotaur Fighter)               Turns: 2907, Time: 00:06:11

Health: 0/60       AC:  7    Str: 21    XL:     7   Next: 46%
Magic:  0/6        EV:  9    Int:  5    God:
Gold:   140        SH: 10    Dex: 15    Spells: 6/6 levels left

rFire    . . .     SeeInvis .   a - +0 long sword
rCold    . . .     Gourm    .   c - +0 shield
rNeg     . . .     Faith    .   b - +0 scale mail
rPois    .         Spirit   +   (helmet restricted)
rElec    .         Reflect  .   j - scarf {Spirit}
rCorr    .         Harm     .   (no gloves)
MR       .....                  (no boots)
Stlth    ..........             k - amulet of rage
HPRegen  0.20/turn              e - +4 ring of dexterity
MPRegen  0.10/turn              (no ring)

@: no status effects
A: retaliatory headbutt, horns 2
a: Evoke Berserk Rage


You were on level 5 of the Dungeon.
You were near starving.

You visited 1 branch of the dungeon, and saw 5 of its levels.

You collected 140 gold pieces.

Inventory:

Hand Weapons
 a - a +0 long sword (weapon)
Armour
 b - a +0 scale mail (worn)
 c - a +0 shield (worn)
 j - a scarf of spirit shield (worn)
Jewellery
 e - a +4 ring of dexterity (left hand)
 k - an amulet of rage (around neck)
Wands
 n - a wand of scattershot (6)
Scrolls
 g - 2 scrolls of teleportation
 l - 2 scrolls of remove curse
 m - a scroll of enchant armour
 p - a scroll of enchant weapon
Potions
 d - a potion of might
 h - a potion of resistance
 i - a potion of heal wounds
 q - a potion of curing
 r - a potion of invisibility
Comestibles
 f - 7 rations


   Skills:
 + Level 4.9 Fighting
 + Level 6.5 Long Blades
 + Level 5.7 Armour
 + Level 1.9 Dodging
 + Level 0.1 Stealth
 + Level 6.0 Shields


You had 6 spell levels left.
You didn't know any spells.
Your spell library was empty.

Dungeon Overview and Level Annotations

Branches:
Dungeon (5/15)
 Temple: D:4-7

Altars:
Ashenzari
Dithmenos
Gozag
Kikubaaqudgha
Vehumet
Wu Jian

Annotations:
D:5 3 runed translucent doors, jaiteiro's ghost, amateur CeHu


Innate Abilities, Weirdness & Mutations

You reflexively headbutt those who attack you in melee.
You have a pair of horns on your head.


Message History

The troll shouts!
Found a ration.
You hit the giant cockroach but do no damage.
You block the giant cockroach's attack.
You slash the giant cockroach!
You kill the giant cockroach!
The troll bites you! The troll barely misses you. The troll claws you!
You see here a ring mail.
You barely miss the troll. You block the troll's attack. The troll claws you!
The troll closely misses you.
You hit the troll.
The troll is lightly wounded.
You block the troll's attack. The troll claws you. x2
* * * LOW HITPOINT WARNING * * *
You closely miss the troll. You headbutt the troll.
The troll is lightly wounded.
The troll bites you!
* * * LOW HITPOINT WARNING * * *
The troll claws you!
You die...

..........#.###.# ..
.####.####..##..# ...
#####<####..##.# ...#
.......##..†#..#####.#.#
..####.##.......#.......
..# ####...............
#.# #............... ###
##....?T.....$..
#......@.......
#......[.......
#..........(....
#.#......$.....># #
#...?..#[....##
#.##...###.### #. .....
.# % ...##. .#


You could see a troll.

Vanquished Creatures
  2 phantoms
  A water moccasin skeleton (D:4)
  2 hounds
  An orc wizard (D:4)
  A gnoll shaman (D:4)
  An iguana (D:3)
  Natasha (thrice) (D:3)
  3 worker ants
  4 gnolls
  8 adders
  An ooze (D:1)
  4 dart slugs
  A leopard gecko (D:2)
  11 orcs
  3 giant cockroaches
  2 goblins
  10 hobgoblins
  9 jackals
  5 quokkas
  13 bats
  5 frilled lizards
  8 kobolds
  A quokka zombie (D:5)
  3 rats (D:2)
102 creatures vanquished.

Notes
Turn   | Place    | Note
-------+----------+-------------------------------------------
     0 | D:1      | Peloso the Minotaur Fighter began the quest for the Orb.
     0 | D:1      | Reached XP level 1. HP: 19/19 MP: 0/0
   424 | D:1      | Reached XP level 2. HP: 27/27 MP: 1/1
   546 | D:1      | Reached XP level 3. HP: 33/33 MP: 2/2
  1046 | D:2      | Reached XP level 4. HP: 35/40 MP: 1/3
  1098 | D:2      | Found a shattered altar of Ashenzari.
  1173 | D:2      | Found a radiant altar of Vehumet.
  1297 | D:2      | Reached skill level 1 in Dodging
  1521 | D:3      | Reached XP level 5. HP: 47/47 MP: 4/4
  1559 | D:3      | Reached skill level 5 in Shields
  1616 | D:3      | Found an ancient bone altar of Kikubaaqudgha.
  1619 | D:3      | Found an opulent altar of Gozag.
  1622 | D:3      | Found a shadowy altar of Dithmenos.
  1697 | D:3      | Noticed Natasha
  1703 | D:3      | Killed Natasha
  1719 | D:3      | Found an ornate altar of the Wu Jian Council.
  1777 | D:3      | Noticed Natasha
  1787 | D:3      | Killed Natasha
  1809 | D:3      | Noticed Natasha
  1814 | D:3      | Killed Natasha
  1814 | D:3      | Reached XP level 6. HP: 46/53 MP: 5/5
  1870 | D:3      | Reached skill level 5 in Long Blades
  2042 | D:3      | Reached skill level 5 in Armour
  2717 | D:4      | Reached XP level 7. HP: 60/60 MP: 6/6
  2829 | D:5      | Entered Level 5 of the Dungeon
  2847 | D:5      | Found a runed translucent gate.
  2848 | D:5      | Found a runed translucent gate.
  2849 | D:5      | Found a runed translucent gate.
  2851 | D:5      | Noticed jaiteiro's ghost (amateur CeHu)
  2898 | D:5      | Noticed a troll
  2907 | D:5      | Slain by a troll

Levels and vault maps discovered:
D:1:      sevenhm_arrival_forest_fort_large_2, layout_basic,
          hangedman_decor_riveting, st_stairs_1
D:2:      layout_basic, vehumet_crystals, first_ration, ashenzari_altar_1
D:3:      layout_rooms, overflow_temple_1_default,
          grunt_temple_overflow_diamond, serial_curves, eino_curves_01,
          eino_curves_02, uniq_natasha
D:4:      layout_loops_ring
D:5:      minmay_polygon_palace, layout_rooms, overflow_temple_1_default,
          basic_altar, gammafunk_ghost_necromancy, uniq_menkaure,
          uniq_prince_ribbit1, uniq_ijyb

Skill      XL: |  1  2  3  4  5  6  7 |
---------------+----------------------+-----
Shields        | 4 5 6 |  6.0
Armour         | 4 5 |  5.7
Fighting       | 4 |  4.9
Long Blades    | 3 4 5 6 |  6.5
Dodging        | 1 |  1.9
Stealth        | |  0.1

Action                   |  1- 3 |  4- 6 |  7- 9 || total
-------------------------+-------+-------+-------++-------
Melee: Long sword        |    79 |   137 |    34 ||   250
       Headbutt          |    14 |    31 |    11 ||    56
  Use: Potion            |     5 |     1 |     1 ||     7
       Scroll            |       |     3 |     2 ||     5
  Eat: Chunk             |       |     5 |       ||     5
Armor: Scale mail        |    48 |    44 |    10 ||   102
Dodge: Dodged            |    34 |    60 |     8 ||   102
Block: Shield            |    73 |    77 |    18 ||   168
       Rpst.: Long sword |     7 |    17 |     3 ||    27
